 Dungeon Crawl Stone Soup version 0.24-a0-434-gd57e52fea8 (webtiles) character file.

Game seed: 10138910268131781521

396340 theanonym the Warrior (level 22, -1/186 HPs)
             Began as a Mummy Warper on June 16, 2019.
             Was an Initiate of Gozag.
             Slain by Mennas
             ... wielding a +1 trishula of holy wrath
              (2 damage)
             ... on level 2 of the Crypt.
             The game lasted 02:15:18 (70264 turns).

theanonym the Warrior (Mummy Warper)               Turns: 70264, Time: 02:15:19

Health: -1/186     AC: 37    Str: 40    XL:     22   Next: 19%
Magic:  0/40       EV: 23    Int: 19    God:    Gozag
Gold:   1636       SH: 16    Dex: 25    Spells: 15/42 levels left

rFire    + . .     SeeInvis .   a - +4 eveningstar (flame)
rCold    + + .     Gourm    .   w - +0 shield {rPois}
rNeg     + + +     Faith    .   c - +3 plate armour {rC+}
rPois    ∞         Spirit   +   j - +0 Maxwell's etheric cage {RegenMP+ *Contam rElec MP+4}
rElec    +         Reflect  .   L - +0 cloak of Plasticity {rF+ Str+5 Int+4}
rCorr    .         Harm     .   k - +2 pair of gloves
MR       +++++                  M - +2 pair of boots {run}
Stlth    ..........             Q - amulet "Cibiomel" {Spirit *Slow +Fly MR+ Str+7}
HPRegen  0.41/turn              i - ring of the Eagle {*Slow rF+ MR++ AC+5 Int+3} MPRegen 0.77/turn*
                                s - ring of Wuithu {*Drain EV+5 Dex+7}

@: mighty, agile, slowed, glowing, silenced, very slow
A: no food or potions, fire vulnerability, cold resistance 1, negative energy
resistance 3, torment resistance, unbreathing, in touch with death 1
}: 2/15 runes: serpentine, barnacled
a: Renounce Religion, Evoke Flight


Innate Abilities, Weirdness & Mutations

You do not eat or drink.
Your flesh is vulnerable to fire.
You are immune to poison.
Your flesh is cold resistant. (rC+)
You are immune to negative energy. (rN+++)
You are immune to unholy pain and torment.
You can survive without breathing.
You are in touch with the powers of death.


   Skills:
 + Level 18.7 Fighting
 - Level 18.0 Maces & Flails
 - Level 0.7 Throwing
 - Level 18.0 Armour
 + Level 4.9 Dodging
 * Level 13.3 Shields
 + Level 10.8 Spellcasting
 + Level 3.8 Translocations


You had 15 spell levels left.
You knew the following spells:

 Your Spells              Type           Power        Failure   Level  Hunger
a - Spectral Weapon       Hex/Chrm       ##......     63%         3    N/A
b - Song of Slaying       Chrm           ##......     38%         2    N/A
c - Passage of Golubria   Tloc           N/A          50%         4    N/A
d - Darkness              Hex            ##........   100%        6    N/A
e - Lesser Beckoning      Tloc           ###.......   17%         3    N/A
l - Blink                 Tloc           N/A          9%          2    N/A
q - Apportation           Tloc           ###...       5%          1    N/A
t - Deflect Missiles      Chrm/Air       ##........   100%        6    N/A

Your spell library contained the following spells:

 Spells                   Type           Power        Failure   Level  Hunger
 Gell's Gravitas          Tloc           ###.......   17%         3    N/A
 Teleport Other           Tloc           ###.....     17%         3    N/A
 Shroud of Golubria       Chrm/Tloc      ###...       19%         2    N/A
 Animate Skeleton         Necr           N/A          26%         1    N/A
 Confusing Touch          Hex            ##....       26%         1    N/A
 Corona                   Hex            ##.....      26%         1    N/A
 Flame Tongue             Conj/Fire      ##...        26%         1    N/A
 Infusion                 Chrm           ##..         26%         1    N/A
 Magic Dart               Conj           ##..         26%         1    N/A
 Pain                     Necr           ###.         26%         1    N/A
 Sandblast                Erth           ##....       26%         1    N/A
 Shock                    Conj/Air       ##..         26%         1    N/A
 Sting                    Conj/Pois      ##..         26%         1    N/A
 Summon Butterflies       Summ           ##......     26%         1    N/A
 Summon Small Mammal      Summ           ##..         26%         1    N/A
 Portal Projectile        Hex/Tloc       ###...       36%         3    N/A
 Corpse Rot               Necr           N/A          38%         2    N/A
 Ensorcelled Hibernation  Hex/Ice        ##....       38%         2    N/A
 Passwall                 Tmut/Erth      ##......     38%         2    N/A
 Poisonous Vapours        Pois/Air       ##....       38%         2    N/A
 Searing Ray              Conj           ##....       38%         2    N/A
 Slow                     Hex            ##......     38%         2    N/A
 Sticks to Snakes         Tmut           ##......     38%         2    N/A
 Swiftness                Chrm/Air       ##......     38%         2    N/A
 Throw Flame              Conj/Fire      ##....       38%         2    N/A
 Confuse                  Hex            ##......     63%         3    N/A
 Conjure Flame            Conj/Fire      ##......     63%         3    N/A
 Dazzling Spray           Conj/Hex       ##....       63%         3    N/A
 Ignite Poison            Fire/Tmut/Pois ##......     63%         3    N/A
 Inner Flame              Hex/Fire       ##......     63%         3    N/A
 Mephitic Cloud           Conj/Pois/Air  ##......     63%         3    N/A
 Static Discharge         Conj/Air       ##......     63%         3    N/A
 Stone Arrow              Conj/Erth      ##....       63%         3    N/A
 Tukima's Dance           Hex            ##......     63%         3    N/A
 Vampiric Draining        Necr           ###.......   63%         3    N/A
 Force Lance              Conj/Tloc      ###.....     77%         4    N/A
 Airstrike                Air            ##........   95%         4    N/A
 Cause Fear               Hex            ##........   95%         4    N/A
 Fulminant Prism          Conj/Hex       ##........   95%         4    N/A
 Iskenderun's Mystic Bla  Conj           ##......     95%         4    N/A
 Leda's Liquefaction      Hex/Erth       ##........   95%         4    N/A
 Olgreb's Toxic Radiance  Pois           ##......     95%         4    N/A
 Petrify                  Tmut/Erth      ##......     95%         4    N/A
 Sticky Flame             Conj/Fire      ##......     95%         4    N/A
 Summon Forest            Summ/Tloc      ###.......   98%         5    N/A
 Agony                    Necr           ###.....     100%        5    N/A
 Alistair's Intoxication  Tmut/Pois      ##......     100%        5    N/A
 Bolt of Magma            Conj/Fire/Erth ##........   100%        5    N/A
 Borgnjor's Vile Clutch   Necr/Erth      ###.......   100%        5    N/A
 Fireball                 Conj/Fire      ##........   100%        5    N/A
 Irradiate                Conj/Tmut      ##........   100%        5    N/A
 Lee's Rapid Deconstruct  Erth           ##........   100%        5    N/A
 Lightning Bolt           Conj/Air       ##........   100%        5    N/A
 Metabolic Englaciation   Hex/Ice        ##........   100%        5    N/A
 Silence                  Hex/Air        ##........   100%        5    N/A
 Venom Bolt               Conj/Pois      ##........   100%        5    N/A
 Yara's Violent Unravell  Hex/Tmut       ##........   100%        5    N/A
 Bolt of Cold             Conj/Ice       ##........   100%        6    N/A
 Bolt of Fire             Conj/Fire      ##........   100%        6    N/A
 Death Channel            Necr           ###.......   100%        6    N/A
 Freezing Cloud           Conj/Ice/Air   ##........   100%        6    N/A
 Invisibility             Hex            ##......     100%        6    N/A
 Iron Shot                Conj/Erth      ##........   100%        6    N/A
 Ozocubu's Refrigeration  Ice            ##........   100%        6    N/A
 Shadow Creatures         Summ           N/A          100%        6    N/A
 Simulacrum               Ice/Necr       ###.......   100%        6    N/A
 Malign Gateway           Summ/Tloc      ###.......   100%        7    N/A
 Ring of Flames           Chrm/Fire      ##........   100%        7    N/A
 Spellforged Servitor     Conj/Summ      ##........   100%        7    N/A
 Summon Hydra             Summ           ##........   100%        7    N/A
 Discord                  Hex            ##........   100%        8    N/A
 Ignition                 Fire           ##........   100%        8    N/A
 Dragon's Call            Summ           ##........   100%        9    N/A
 Shatter                  Erth           ##........   100%        9    N/A
 Beastly Appendage        Tmut           Unusable     N/A         1    N/A
 Regeneration             Chrm/Necr      Unusable     N/A         3    N/A
 Spider Form              Tmut/Pois      Unusable     N/A         3    N/A
 Ice Form                 Ice/Tmut       Unusable     N/A         4    N/A
 Blade Hands              Tmut           Unusable     N/A         5    N/A
 Hydra Form               Tmut           Unusable     N/A         6    N/A
 Dragon Form              Tmut           Unusable     N/A         7    N/A

Skill      XL: |  1  2  3  4  5  6  7  8  9 10 11 12 13 14 15 16 17 18 19 20 21 |
---------------+----------------------------------------------------------------+-----
Maces & Flails | 2 3 4 5 6 8 10 11 13 14 15 16 17 18 | 18.0
Shields        | 3 4 5 9 11 13 | 13.3
Fighting       | 3 6 9 10 12 13 14 15 16 17 18 | 18.7
Armour         | 4 7 10 12 14 15 16 17 18 | 18.0
Spellcasting   | 5 9 10 | 10.8
Dodging        | 4 |  4.9
Translocations | 3 |  3.8
Throwing       | |  0.7

Action                   |  1- 3 |  4- 6 |  7- 9 | 10-12 | 13-15 | 16-18 | 19-21 | 22-24 || total
-------------------------+-------+-------+-------+-------+-------+-------+-------+-------++-------
Melee: Mace              |   149 |   269 |    25 |       |       |       |       |       ||   443
       Flail             |       |       |   427 |   245 |       |       |       |       ||   672
       Morningstar       |       |       |       |   864 |  2191 |  2400 |  2016 |       ||  7471
       Eveningstar       |       |       |       |       |       |    41 |   884 |   182 ||  1107
Throw: Boomerang         |       |       |    12 |     7 |     1 |       |       |       ||    20
       Throwing net      |       |       |       |     2 |       |     1 |     3 |       ||     6
 Cast: Blink             |       |       |       |       |    15 |       |       |       ||    15
Invok: Potion Petition   |       |       |       |     2 |       |     1 |     5 |     1 ||     9
       Call Merchant     |       |       |       |       |     3 |     2 |     1 |       ||     6
 Abil: Evoke Flight      |       |       |       |       |       |     3 |    25 |       ||    28
Evoke: Wand              |       |     3 |     4 |    38 |    24 |    15 |     5 |       ||    89
       Box of beasts     |       |       |       |     1 |       |       |     2 |       ||     3
       Phial of floods   |       |       |       |       |     2 |     2 |     1 |     1 ||     6
       Phantom mirror    |       |       |       |       |     1 |     1 |       |       ||     2
  Use: Scroll            |       |     4 |     3 |    11 |     8 |    11 |    20 |     1 ||    58
 Stab: Distracted        |       |       |     1 |    12 |    17 |    10 |    22 |       ||    62
       Paralysed         |       |       |       |    33 |    18 |     9 |       |       ||    60
       Held in net/web   |       |       |       |     1 |       |       |     1 |       ||     2
       Confused          |       |       |       |       |    12 |       |       |       ||    12
       Petrified         |       |       |       |       |       |       |    12 |       ||    12
Armor: Leather armour    |    17 |       |       |       |       |       |       |       ||    17
       Ring mail         |    30 |    13 |       |       |       |       |       |       ||    43
       Chain mail        |       |   138 |   335 |   140 |       |       |       |       ||   613
       Plate armour      |       |       |       |   302 |   796 |  1120 |  1634 |    92 ||  3944
Dodge: Dodged            |    71 |   115 |   171 |   501 |   790 |   788 |  1262 |    78 ||  3776
Block: Buckler           |       |       |    34 |   216 |   212 |       |       |       ||   462
       Shield            |       |       |       |       |   498 |  1285 |  1969 |   124 ||  3876

Inventory:

Hand Weapons
 a - a +4 eveningstar of flaming (weapon)
 b - the +7 morningstar "Fabuum" {flame, MR+ SInv}

   It has been specially enchanted to burn those struck by it, causing extra
   injury to most foes and up to half again as much damage against particularly
   susceptible opponents.
   It affects your resistance to hostile enchantments.
   It lets you see invisible.
 p - the +1 morningstar of Bread {vamp, +Inv rC- Str+2}

   It inflicts no extra harm, but heals its wielder when it wounds a living foe.
   It affects your strength (+2).
   It makes you vulnerable to cold.
   It lets you turn invisible.
Missiles
 l - 70 boomerangs
 S - 5 boomerangs of dispersal (quivered)
Armour
 c - a +3 plate armour of cold resistance (worn)
 h - a +2 plate armour of fire resistance
 j - the +0 Maxwell's etheric cage (worn) {RegenMP+ *Contam rElec MP+4}

   It insulates you from electricity.
   It affects your magic capacity (+4).
   It causes magical contamination when unequipped.
 k - a +2 pair of gloves (worn)
 w - a +0 shield of poison resistance (worn)
 F - a scarf of resistance
 L - the +0 cloak of Plasticity (worn) {rF+ Str+5 Int+4}

   It affects your strength (+5).
   It affects your intelligence (+4).
   It protects you from fire.
 M - a +2 pair of boots of running (worn)
Jewellery
 g - the ring "Hicsue" {rF+ Int+3 SInv}

   [ring of protection from fire]

   It affects your intelligence (+3).
   It protects you from fire.
   It lets you see invisible.
 i - the ring of the Eagle (left hand) {*Slow rF+ MR++ AC+5 Int+3}

   [ring of protection]

   It affects your AC (+5).
   It affects your intelligence (+3).
   It protects you from fire.
   It affects your resistance to hostile enchantments.
   It may slow you when you take damage.
 s - the ring of Wuithu (right hand) {*Drain EV+5 Dex+7}

   [ring of evasion]

   It affects your evasion (+5).
   It affects your dexterity (+7).
   It causes draining when unequipped.
 u - an uncursed ring of resist corrosion
 N - the ring "Satiuz" {rF+ MP+9 Stlth-}

   [ring of attention]

   It protects you from fire.
   It affects your magic capacity (+9).
   It makes you less stealthy.
 Q - the amulet "Cibiomel" (around neck) {Spirit *Slow +Fly MR+ Str+7}

   [amulet of guardian spirit]

   It causes incoming damage to be split between your health and magic.
   It affects your strength (+7).
   It affects your resistance to hostile enchantments.
   It lets you fly.
   It may slow you when you take damage.
 R - an uncursed amulet of regeneration
Wands
 d - a wand of digging (19)
 o - a wand of iceblast (18)
 v - a wand of acid (10)
 H - a wand of scattershot (7)
Scrolls
 e - 3 scrolls of enchant armour
 f - 5 scrolls of fog
 n - 14 scrolls of remove curse
 q - a scroll of torment
 r - 4 scrolls of identify
 t - 6 scrolls of teleportation
 x - 10 scrolls of fear
 y - 6 scrolls of magic mapping
 A - 3 scrolls of vulnerability
 B - 4 scrolls of blinking
 C - 5 scrolls of immolation
 E - 2 scrolls of silence
 I - 3 scrolls of brand weapon
Miscellaneous
 z - a fan of gales
 D - a phial of floods (inert)
 J - a phantom mirror
 K - a lamp of fire


You were on level 2 of the Crypt.
You worshipped Gozag.
Gozag was most pleased with you.
You were not hungry.

You visited 9 branches of the dungeon, and saw 41 of its levels.
You also visited: Bailey and Desolation.

You collected 19562 gold pieces.
You spent 8359 gold pieces at shops.
You paid 9567 gold pieces to Gozag.

Dungeon Overview and Level Annotations

Branches:
Dungeon (15/15)            Temple (1/1) D:6            Lair (6/6) D:11
 Shoals (4/4) Lair:3        Snake (4/4) Lair:4        Slime (0/5) Lair:5
    Orc (2/2) D:11            Elf (3/3) Orc:2        Vaults (4/5) D:14
  Crypt (2/3) Vaults:3     Depths (0/5) D:15

Altars:
Ashenzari
Cheibriados
Dithmenos
Elyvilon
Fedhas
Gozag
Hepliaklqana
Kikubaaqudgha
Makhleb
Nemelex Xobeh
Okawaru
Qazlal
Ru
Sif Muna
Trog
Uskayaw
Vehumet
Wu Jian
Xom
Yredelemnul
Zin
The Shining One
Beogh
Jiyva

Shops:
D:6 (   D:10 }   Orc:1 (   Orc:2 [=%[![   Elf:1 [   Snake:3 [=   Snake:4 !
Vaults:3 *   Vaults:4 (

Annotations:
D:4 exclusion: ogre
D:8 exclusion: orange crystal statue
D:11 exclusion: 2 lindwurms
Crypt:2 Mennas

...)..)........#.##..# .....#
.###...#########.##..# #A...# [#
#...# #####.##..## #....## .#
##### #...#.##...# #.#...# .####
#...#.##...# #.#...#
....########...#.##...###.#...###
........)).).....A...............
#...############Z##..#######.####
##### #@##..# .# # #.##..# .#
#.##..# .# #.##..# .# #.##..# .#
#.##..# .# #.##... #.###..


You could see Mennas and a guardian serpent zombie.

Notes
Turn   | Place    | Note
-------+----------+-------------------------------------------
     0 | D:1      | theanonym the Mummy Warper began the quest for the Orb.
     0 | D:1      | Reached XP level 1. HP: 16/16 MP: 4/4
    15 | D:1      | HP: 5/16 [leopard gecko (4)]
    16 | D:1      | HP: 2/16 [leopard gecko (3)]
   325 | D:1      | Reached skill level 2 in Maces & Flails
   328 | D:1      | HP: 8/16 [jackal (2)]
   345 | D:1      | HP: 8/16 [jackal (1)]
   551 | D:1      | Reached XP level 2. HP: 22/22 MP: 5/5
  1104 | D:1      | Reached XP level 3. HP: 27/27 MP: 7/7
  1214 | D:1      | Reached skill level 3 in Maces & Flails
  1480 | D:2      | HP: 10/27 [worm (8)]
  1760 | D:2      | HP: 10/27 [worm (6)]
  2180 | D:2      | HP: 10/27 [worm (10)]
  2181 | D:2      | HP: 3/27 [worm (7)]
  2473 | D:2      | Reached XP level 4. HP: 24/33 MP: 8/8
  2927 | D:3      | Noticed Grinder
  3032 | D:3      | HP: 15/33 [dart slug/slug dart (4)]
  3299 | D:3      | Noticed Sigmund
  3387 | D:3      | Reached skill level 4 in Maces & Flails
  3424 | D:3      | Noticed Ijyb
  3451 | D:3      | Killed Ijyb
  3476 | D:3      | Reached XP level 5. HP: 26/38 MP: 9/9
  3479 | D:3      | HP: 19/38 [gnoll (2)]
  3489 | D:3      | HP: 18/38 [gnoll/cursed -1 whip (1)]
  4134 | D:3      | Found a runed translucent door.
  4135 | D:3      | Noticed Crazy Yiuf
  4326 | D:3      | Noticed Grinder
  4326 | D:3      | Grinder changed into Grinder the red devil
  4347 | D:2      | HP: 14/38 [Grinder the red devil (10)]
  4705 | D:3      | HP: 19/38 [something (2)]
  4708 | D:3      | Killed Sigmund
  4708 | D:3      | Reached skill level 5 in Maces & Flails
  4708 | D:3      | Reached XP level 6. HP: 21/44 MP: 10/10
  5250 | D:3      | Killed Crazy Yiuf
  5250 | D:3      | Reached skill level 6 in Maces & Flails
  5445 | D:4      | Reached XP level 7. HP: 50/50 MP: 11/11
  5613 | D:4      | Identified First Steps in Wizardry
  6059 | D:4      | Reached skill level 7 in Maces & Flails
  6216 | D:5      | Entered Level 5 of the Dungeon
  7228 | D:6      | Reached skill level 8 in Maces & Flails
  7228 | D:6      | Reached XP level 8. HP: 33/56 MP: 12/12
  7386 | D:6      | Found Odebled's Antique Weapon Shop.
  7387 | D:6      | Noticed Edmund
  7405 | D:6      | Killed Edmund
  7432 | D:6      | Noticed Pikel
  7451 | D:5      | Killed Pikel
  7451 | D:5      | Reached skill level 9 in Maces & Flails
  7646 | D:6      | Reached skill level 10 in Maces & Flails
  7850 | D:6      | Reached XP level 9. HP: 59/61 MP: 13/13
  7916 | D:6      | Found a staircase to the Ecumenical Temple.
  7927 | Temple   | Entered the Ecumenical Temple
  8123 | Temple   | Became a worshipper of Gozag Ym Sagoz the Greedy
  8269 | D:6      | Reached skill level 1 in Shields
  9196 | D:2      | HP: 27/61 [Grinder the red devil (8)]
  9206 | D:2      | HP: 19/61 [Grinder the red devil (10)]
  9235 | D:2      | HP: 21/61 [Grinder the red devil (3)]
  9236 | D:2      | Killed Grinder the red devil
  9544 | D:7      | Reached skill level 2 in Shields
  9570 | D:7      | Noticed Duvessa
  9570 | D:7      | Noticed Dowan
  9604 | D:7      | Killed Duvessa
  9611 | D:7      | Killed Dowan
 10131 | D:7      | Reached skill level 11 in Maces & Flails
 10131 | D:7      | Reached skill level 3 in Shields
 10743 | D:8      | HP: 28/61 [hog (4)]
 10750 | D:8      | HP: 21/61 [killer bee (1)]
 10761 | D:8      | Reached XP level 10. HP: 25/67 MP: 14/14
 11047 | D:8      | Reached skill level 4 in Shields
 11284 | D:8      | Noticed a two-headed ogre
 11288 | D:8      | Noticed an eye of devastation
 11288 | D:8      | a two-headed ogre changed into an eye of devastation
 11293 | D:8      | HP: 24/67 [disintegration (19)]
 11705 | D:8      | Noticed an orange crystal statue
 11705 | D:8      | Identified the ring of Wuithu {*Drain EV+5 Dex+7}
 11705 | D:8      | Identified the cursed +1 robe of Wariness {*Contam rPois
                  | Dex+5 Stlth+}
 12970 | D:8      | Killed an eye of devastation
 13418 | D:9      | Reached skill level 12 in Maces & Flails
 13557 | D:9      | Noticed a two-headed ogre
 13708 | D:9      | Found a roughly hewn altar of Beogh.
 13983 | D:9      | Killed a two-headed ogre
 14316 | D:9      | Reached skill level 13 in Maces & Flails
 14458 | D:9      | Found a glowing silver altar of Zin.
 14580 | D:9      | Identified a scroll of acquirement
 14622 | D:10     | Entered Level 10 of the Dungeon
 14632 | D:10     | Found Ozelekko's Gadget Emporium.
 14636 | D:10     | Bought a wand of scattershot (4) for 336 gold pieces
 14869 | D:10     | Noticed Urug
 14927 | D:10     | Noticed a two-headed ogre
 14934 | D:10     | Killed a two-headed ogre
 14934 | D:10     | Reached skill level 3 in Fighting
 14934 | D:10     | Reached XP level 11. HP: 75/75 MP: 15/15
 15045 | D:10     | Noticed a two-headed ogre
 15055 | D:10     | Killed a two-headed ogre
 15119 | D:10     | Killed an unseen horror
 15119 | D:10     | Reached skill level 4 in Fighting
 15300 | D:10     | HP: 34/77 [Urug/+1 demon trident of venom (14)]
 15322 | D:10     | Killed Urug
 15610 | D:10     | Found a radiant altar of Vehumet.
 15715 | D:10     | Bought a wand of paralysis (5) for 98 gold pieces
 15715 | D:10     | Bought a wand of scattershot (4) for 336 gold pieces
 15721 | D:11     | Noticed Fannar
 15762 | D:11     | HP: 38/78 [wyvern (10)]
 15767 | D:10     | HP: 28/78 [wyvern (5)]
 15774 | D:10     | HP: 12/78 [Fannar/+0 quarterstaff of freezing (7)]
 15783 | D:10     | HP: 37/78 [Fannar/+0 quarterstaff of freezing (1)]
 15787 | D:10     | Killed Fannar
 16006 | D:11     | Reached skill level 5 in Fighting
 16127 | D:11     | Noticed a death yak
 16146 | D:11     | Killed a death yak
 16146 | D:11     | Reached skill level 14 in Maces & Flails
 16392 | D:11     | HP: 40/80 [orc warrior/+0 long sword (9)]
 16681 | D:11     | Found a staircase to the Lair.
 16681 | D:11     | Noticed a death yak
 16796 | D:11     | Noticed a death yak
 16814 | D:10     | HP: 38/80 [death yak (8)]
 16816 | D:10     | HP: 14/80 [death yak (24)]
 17135 | D:10     | HP: 27/80 [death yak (17)]
 17141 | D:10     | HP: 15/80 [death yak (13)]
 17144 | D:10     | Killed a death yak
 17486 | D:11     | HP: 36/81 [yak (11)]
 17487 | D:11     | Reached skill level 6 in Fighting
 17494 | D:11     | HP: 29/81 [yak (8)]
 17921 | D:11     | HP: 38/81 [death yak (3)]
 17926 | D:11     | Killed a death yak
 18336 | D:11     | Found a staircase to the Orcish Mines.
 18641 | D:11     | Reached XP level 12. HP: 75/89 MP: 16/16
 19062 | Lair:1   | Entered Level 1 of the Lair of Beasts
 19107 | Lair:1   | Noticed a four-headed hydra
 19129 | Lair:1   | Killed a four-headed hydra
 19291 | Lair:1   | Noticed a seven-headed hydra
 19303 | Lair:1   | HP: 42/89 [seven-headed hydra (3)]
 19305 | Lair:1   | HP: 12/89 [seven-headed hydra (9)]
 19702 | Lair:1   | Got an ancient turquoise ring
 19721 | Lair:1   | Noticed a five-headed hydra
 19731 | Lair:1   | Killed a five-headed hydra
 19731 | Lair:1   | Reached skill level 7 in Fighting
 19905 | Lair:1   | Noticed Joseph
 19938 | Lair:1   | HP: 45/91 [Joseph/+0 quarterstaff (8)]
 19941 | Lair:1   | Killed Joseph
 20450 | Lair:1   | Reached skill level 1 in Armour
 20631 | Lair:1   | Noticed Sonja
 20642 | Lair:1   | Killed Sonja
 20688 | Lair:1   | Reached skill level 15 in Maces & Flails
 20692 | Lair:1   | Reached skill level 2 in Armour
 20922 | Lair:1   | HP: 36/91 [lindwurm/blast of flame (24)]
 21553 | Lair:1   | HP: 41/92 [porcupine's spines (16)]
 21818 | Lair:2   | Identified the ring "Hicsue" {rF+ Int+3 SInv} (You found it
                  | on level 1 of the Lair of Beasts)
 22269 | Lair:2   | Reached skill level 8 in Fighting
 22488 | Lair:2   | Killed a seven-headed hydra
 22488 | Lair:2   | Reached skill level 3 in Armour
 22938 | Lair:3   | Found a staircase to the Shoals.
 23846 | Lair:4   | Noticed Snorg
 23885 | Lair:4   | Reached skill level 4 in Armour
 24226 | Lair:4   | Got a warped flail
 24424 | Lair:4   | HP: 42/94 [blink frog (6)]
 24431 | Lair:4   | HP: 43/94 [black bear (1)]
 24433 | Lair:4   | Reached skill level 9 in Fighting
 24453 | Lair:4   | HP: 40/95 [blink frog (5)]
 24461 | Lair:4   | Gained mutation: You are in touch with the powers of death.
                  | [Mummy growth]
 24461 | Lair:4   | Reached XP level 13. HP: 43/101 MP: 17/17
 24975 | Lair:4   | Identified the +1 flail of the Endless Expanse {protect,
                  | *Slow Str+9 SInv} (You found it on level 4 of the Lair of
                  | Beasts)
 24999 | Lair:4   | Found a staircase to the Snake Pit.
 25131 | Lair:3   | HP: 48/101 [five-headed hydra (5)]
 25427 | Lair:4   | Killed Snorg
 26263 | Lair:4   | Reached skill level 5 in Armour
 27617 | Lair:5   | Found a viscous altar of Jiyva.
 27617 | Lair:5   | Found a staircase to the Slime Pits.
 27686 | Lair:6   | Entered Level 6 of the Lair of Beasts
 28012 | Lair:6   | HP: 48/103 [death yak (9)]
 28020 | Lair:6   | HP: 37/103 [death yak (7)]
 28035 | Lair:6   | Reached skill level 10 in Fighting
 28044 | Lair:6   | HP: 41/103 [death yak (2)]
 28446 | Lair:6   | Reached skill level 6 in Armour
 28446 | Lair:6   | HP: 35/103 [wind drake/the air (19)]
 28777 | Lair:6   | Noticed a dire elephant
 28830 | Lair:6   | Killed a dire elephant
 29367 | Lair:6   | Reached skill level 16 in Maces & Flails
 29682 | Lair:6   | Reached skill level 7 in Armour
 29909 | Lair:6   | HP: 41/105 [polar bear (16)]
 30310 | Orc:1    | Entered Level 1 of the Orcish Mines
 30310 | Orc:1    | Noticed Maurice
 30326 | Orc:1    | HP: 20/105 [orc sorcerer/bolt of fire (52)]
 30340 | D:11     | HP: 19/105 [orc sorcerer/+0 dagger (1)]
 30552 | D:11     | Killed Maurice
 30778 | Orc:1    | Found a transporter.
 30821 | Orc:1    | Reached XP level 14. HP: 85/111 MP: 18/18
 30854 | Orc:1    | Reached skill level 11 in Fighting
 30886 | Orc:1    | Noticed an orc warlord
 30929 | Orc:1    | Killed an orc warlord
 31149 | Orc:1    | HP: 56/113 [orc warrior/+2 halberd of venom (4)]
 31156 | Orc:1    | HP: 54/113 [orc warrior/boomerang (3)]
 31166 | Orc:1    | HP: 44/113 [orc warrior/boomerang (12)]
 31176 | Orc:1    | HP: 38/113 [orc warrior/boomerang (6)]
 31190 | Orc:1    | HP: 27/113 [orc warrior/+0 mace (5)]
 31562 | Orc:1    | Noticed an orc warlord
 31595 | Orc:1    | Found a roughly hewn altar of Beogh.
 31595 | Orc:1    | Found a transporter.
 31733 | Orc:1    | Identified Tunem's Incunabulum of Entrancing Creation
 31877 | Orc:2    | Entered Level 2 of the Orcish Mines
 31964 | Orc:2    | Found a staircase to the Elven Halls.
 32246 | Orc:2    | Reached skill level 8 in Armour
 32327 | Orc:2    | HP: 44/113 [two-headed ogre/+0 giant club (21)]
 32606 | Orc:1    | HP: 49/113 [two-headed ogre/+0 giant club (18)]
 32837 | Orc:1    | Bought the cursed +1 morningstar of Bread {vamp, +Inv rC-
                  | Str+2} for 403 gold pieces
 33316 | Orc:2    | Reached skill level 9 in Armour
 33320 | Orc:2    | HP: 51/114 [two-headed ogre/+0 giant spiked club (7)]
 33344 | Orc:2    | HP: 52/114 [two-headed ogre/+0 giant spiked club (5)]
 33812 | Orc:2    | Found Vuap's Distillery.
 33813 | Orc:2    | Found Meuhebul's Food Shop.
 33829 | Orc:2    | Found Poess's Armour Shoppe.
 33885 | Orc:2    | Found Orieh's Armour Boutique.
 33893 | Orc:2    | Bought a +2 plate armour of fire resistance for 520 gold
                  | pieces
 33903 | Orc:2    | Bought a +0 helmet of intelligence for 149 gold pieces
 34034 | Orc:2    | Bought a pair of twisted gloves for 199 gold pieces
 34034 | Orc:2    | Bought a jewelled cloak for 199 gold pieces
 34034 | Orc:2    | Identified the +0 cloak of Plasticity {rF+ Str+5 Int+4}
                  | (You bought it in a shop on level 2 of the Orcish Mines)
 34045 | Orc:2    | Identified the +1 pair of gloves "Wusapn" {Str-4 Int+4
                  | Dex+4} (You bought it in a shop on level 2 of the Orcish
                  | Mines)
 34261 | D:11     | Learned a level 2 spell: Blink
 34263 | D:11     | Learned a level 1 spell: Apportation
 34267 | D:11     | Learned a level 3 spell: Lesser Beckoning
 34271 | D:11     | Learned a level 3 spell: Spectral Weapon
 34274 | D:11     | Learned a level 2 spell: Song of Slaying
 34928 | D:12     | Reached skill level 12 in Fighting
 35393 | D:13     | Found a flagged portal.
 35415 | Bailey   | Entered a bailey
 35603 | Bailey   | Noticed an orc warlord
 35818 | Bailey   | Killed an orc warlord
 35818 | Bailey   | Reached skill level 10 in Armour
 36642 | D:13     | Identified the +1 mace "Killer Klown's Doom" {drain, rN+}
 37157 | D:14     | Reached XP level 15. HP: 98/122 MP: 19/19
 37247 | D:14     | HP: 58/122 [white ugly thing (34)]
 37323 | D:14     | Found a gate to the Vaults.
 37411 | D:14     | Reached skill level 11 in Armour
 37593 | D:14     | HP: 47/122 [very large slime creature (43)]
 37620 | D:14     | HP: 54/122 [centaur warrior skeleton (1)]
 38433 | Orc:2    | Bought the amulet "Cibiomel" {Spirit *Slow +Fly MR+ Str+7}
                  | for 860 gold pieces
 38553 | Orc:2    | Bought a runed plate armour for 546 gold pieces
 38693 | D:15     | Entered Level 15 of the Dungeon
 38768 | D:15     | Noticed Agnes
 38843 | D:15     | HP: 54/122 [two-headed ogre/+0 giant club (13)]
 38851 | D:15     | HP: 31/122 [two-headed ogre/+0 giant club (3)]
 38854 | D:15     | Killed Agnes
 38855 | D:15     | HP: 15/122 [two-headed ogre/+0 giant club (11)]
 39136 | D:14     | Reached skill level 13 in Fighting
 39592 | D:15     | HP: 61/123 [rime drake (shapeshifter)/flash freeze (12)]
 39607 | D:15     | HP: 52/123 [wind drake (shapeshifter)/the air (13)]
 39627 | D:14     | HP: 50/123 [large slime creature (14)]
 39632 | D:14     | HP: 55/123 [shadow (3)]
 39931 | D:15     | Found a staircase to the Depths.
 40777 | D:15     | Found a staircase to the Depths.
 41155 | Snake:1  | Entered Level 1 of the Snake Pit
 41466 | Orc:2    | Bought the ring "Satiuz" {rF+ MP+9 Stlth-} for 646 gold
                  | pieces
 41653 | Snake:1  | Reached skill level 12 in Armour
 42411 | Snake:2  | Reached XP level 16. HP: 108/131 MP: 17/20
 42528 | Snake:2  | Noticed Aizul
 42567 | Snake:2  | HP: 63/131 [Aizul (8)]
 42574 | Snake:2  | HP: 63/131 [Aizul (8)]
 42580 | Snake:2  | HP: 62/131 [Aizul (6)]
 42586 | Snake:2  | HP: 65/131 [Aizul (8)]
 42588 | Snake:2  | Killed Aizul
 42828 | Snake:2  | HP: 63/131 [naga sharpshooter/bolt (9)]
 42835 | Snake:2  | HP: 57/131 [anaconda (3)]
 42841 | Snake:2  | HP: 51/131 [anaconda (1)]
 42847 | Snake:2  | HP: 39/132 [anaconda (3)]
 42854 | Snake:1  | HP: 32/132 [anaconda (2)]
 43678 | Snake:2  | Noticed Vashnia
 43754 | Snake:2  | HP: 66/132 [Vashnia/arrow (25)]
 43761 | Snake:2  | HP: 37/132 [naga sharpshooter/bolt[Vashnia] (11)]
 43772 | Snake:2  | HP: 23/132 [Vashnia/arrow (17)]
 43818 | Snake:1  | HP: 36/132 [naga/+0 war axe (2)]
 43826 | Snake:1  | HP: 36/132 [naga/+0 war axe (2)]
 43829 | Snake:1  | Reached skill level 13 in Armour
 44372 | Snake:2  | Reached skill level 14 in Fighting
 44435 | Snake:2  | Killed Vashnia
 44811 | Snake:3  | Reached skill level 17 in Maces & Flails
 45402 | Snake:3  | HP: 67/134 [black mamba (1)]
 45407 | Snake:3  | HP: 64/134 [anaconda (1)]
 45417 | Snake:3  | HP: 67/134 [naga ritualist/+4 dagger of venom (3)]
 45883 | Snake:3  | Noticed Bai Suzhen
 45910 | Snake:3  | Killed Bai Suzhen
 46151 | Snake:4  | Entered Level 4 of the Snake Pit
 46288 | Snake:4  | Found Usyl's Distillery.
 46604 | Snake:4  | Reached skill level 14 in Armour
 46616 | Snake:4  | Reached XP level 17. HP: 112/140 MP: 21/21
 46874 | Snake:4  | HP: 70/140 [nagaraja/+0 halberd (2)]
 46879 | Snake:4  | HP: 68/140 [naga mage/orb of energy (20)]
 46885 | Snake:4  | HP: 68/140 [naga mage/+0 club (3)]
 47687 | Snake:4  | Reached skill level 15 in Fighting
 47761 | Snake:4  | Got a serpentine rune of Zot
 47825 | Snake:4  | Learned a level 4 spell: Passage of Golubria
 47832 | Snake:4  | Learned a level 6 spell: Darkness
 48411 | Vaults:1 | Entered Level 1 of the Vaults
 48610 | Vaults:1 | Reached skill level 15 in Armour
 49223 | Orc:2    | Bought a +2 pair of boots of stealth for 279 gold pieces
 49661 | Snake:3  | Bought the ring of the Eagle {*Slow rF+ MR++ AC+5 Int+3}
                  | for 1327 gold pieces
 50626 | Vaults:1 | Found an opulent altar of Gozag.
 50666 | Vaults:1 | HP: 68/142 [vault warden/+2 battleaxe of electrocution
                  | (12)]
 50676 | Vaults:1 | HP: 70/142 [vault warden/+2 battleaxe of electrocution (2)]
 50682 | Vaults:1 | HP: 62/142 [vault warden/+2 battleaxe of electrocution (5)]
 50688 | Vaults:1 | HP: 39/142 [vault warden/+2 battleaxe of electrocution
                  | (15)]
 50699 | Vaults:1 | HP: 54/142 [two-headed ogre/+0 giant club[an ironheart
                  | preserver] (16)]
 50705 | Vaults:1 | HP: 52/142 [two-headed ogre/+0 giant club[an ironheart
                  | preserver] (9)]
 50711 | Vaults:1 | HP: 53/142 [two-headed ogre/+0 dire flail[an ironheart
                  | preserver] (5)]
 50731 | Vaults:1 | Reached XP level 18. HP: 141/149 MP: 8/22
 51117 | Vaults:2 | HP: 66/151 [freezing wraith (10)]
 51124 | Vaults:1 | HP: 25/151 [orc warrior/+0 war axe[an orc knight] (17)]
 51129 | Vaults:1 | HP: 15/151 [orc warrior/+0 war axe[an orc knight] (18)]
 51135 | Vaults:1 | HP: 44/151 [orc warrior/+0 war axe[an orc knight] (5)]
 52493 | Vaults:3 | Reached skill level 18 in Maces & Flails
 52604 | Vaults:3 | Reached skill level 16 in Armour
 52852 | Vaults:3 | Reached skill level 16 in Fighting
 53079 | Vaults:3 | Found a staircase to the Crypt.
 53305 | Vaults:3 | Reached skill level 5 in Shields
 53552 | Vaults:3 | HP: 75/151 [death knight/+0 battleaxe (3)]
 53560 | Vaults:3 | HP: 57/151 [phantasmal warrior[a death knight] (20)]
 53583 | Vaults:3 | HP: 70/151 [yaktaur[a vault warden] (1)]
 54249 | Vaults:3 | Bought a pair of embroidered boots for 277 gold pieces
 54249 | Vaults:3 | Bought a dented zirconium amulet for 185 gold pieces
 54260 | Vaults:3 | Identified a +2 pair of boots of running (You bought it in
                  | a shop on level 3 of the Vaults)
 54449 | Vaults:4 | Reached XP level 19. HP: 137/159 MP: 15/23
 54503 | Vaults:4 | Reached skill level 6 in Shields
 54555 | Vaults:4 | Identified the +3 mace of Biacygg {crush, Str+6}
 54687 | Vaults:4 | Found Uscholue's Antique Weapon Shoppe.
 54941 | Vaults:4 | Got a pair of jewelled boots
 55142 | Vaults:4 | Reached skill level 17 in Armour
 55170 | Vaults:4 | Reached skill level 7 in Shields
 55223 | Vaults:4 | HP: 78/159 [deep elf knight/shard of ice[an ironheart
                  | preserver] (5)]
 55229 | Vaults:4 | HP: 61/159 [freezing wraith (2)]
 55234 | Vaults:4 | HP: 23/159 [something/shard of ice[an ironheart preserver]
                  | (13)]
 55240 | Vaults:4 | HP: 21/159 [something (3)]
 55849 | Vaults:4 | Got a slimy diamond amulet
 55991 | Vaults:4 | Identified Geckila's Grimoire of the Dark Traveller
 56416 | Shoals:1 | Entered Level 1 of the Shoals
 56498 | Shoals:1 | Reached skill level 3 in Spellcasting
 56510 | Shoals:1 | Identified the +2 pair of boots "Quunk" {rPois} (You found
                  | it on level 4 of the Vaults)
 56511 | Shoals:1 | Identified the amulet of Jueh {RegenMP +Fly rPois MR+} (You
                  | found it on level 4 of the Vaults)
 56980 | Shoals:1 | Reached skill level 8 in Shields
 57033 | Shoals:1 | Reached skill level 4 in Spellcasting
 57259 | Shoals:2 | Noticed Polyphemus
 57267 | Shoals:1 | Reached skill level 17 in Fighting
 57277 | Shoals:1 | HP: 75/161 [death yak[Polyphemus] (14)]
 57396 | Shoals:2 | Killed Polyphemus
 57453 | Shoals:2 | Noticed Frances
 57495 | Shoals:1 | Killed Frances
 58382 | Shoals:3 | Reached skill level 5 in Spellcasting
 58540 | Shoals:3 | HP: 72/161 [catoblepas (20)]
 59065 | Shoals:4 | Entered Level 4 of the Shoals
 59125 | Shoals:4 | Reached skill level 9 in Shields
 59243 | Shoals:4 | Reached XP level 20. HP: 164/168 MP: 26/28
 59321 | Shoals:4 | Reached skill level 6 in Spellcasting
 59426 | Shoals:4 | Got a barnacled rune of Zot
 59724 | Shoals:4 | Found the +9 sword of Zonguldrok {reap}
 60359 | Snake:3  | Bought the +0 Maxwell's etheric cage {RegenMP+ *Contam
                  | rElec MP+4} for 1440 gold pieces
 60359 | Snake:3  | Found the +0 Maxwell's etheric cage {RegenMP+ *Contam rElec
                  | MP+4}
 60359 | Snake:3  | Bought an ancient helmet for 342 gold pieces
 60359 | Snake:3  | Identified the cursed +0 helmet "Peecrum" {+Fly Str+4
                  | Int-2} (You bought it in a shop on level 3 of the Snake
                  | Pit)
 60571 | Elf:1    | Entered Level 1 of the Elven Halls
 60588 | Elf:1    | Found a ruined gateway.
 60601 | Desolati | Entered the Desolation of Salt
 60694 | Desolati | Reached skill level 10 in Shields
 60694 | Desolati | Reached skill level 7 in Spellcasting
 60767 | Desolati | Got a warped golden ring
 60768 | Desolati | Identified the ring "Pixasaev" {Int+3 Stlth+} (You found it
                  | in the Desolation of Salt)
 60771 | Desolati | Got a vibrating steel amulet
 60772 | Desolati | Identified the amulet "Ihoddoos" {Faith rF- rC+ Int+4
                  | Dex+6} (You found it in the Desolation of Salt)
 60774 | Desolati | Identified the Grimoire of Earthen Calling
 60897 | Desolati | Identified the Catalogue of Conjuration
 61020 | Desolati | HP: 84/169 [servant of whispers/bolt of lightning (4)]
 61021 | Desolati | HP: 35/169 [saltling (15)]
 61023 | Desolati | HP: 10/169 [halazid warlock (11)]
 61513 | Desolati | Identified the +7 morningstar "Fabuum" {flame, MR+ SInv}
                  | (You found it in the Desolation of Salt)
 61690 | Desolati | Reached skill level 8 in Spellcasting
 61741 | Desolati | Identified the Tome of Benedictions
 61758 | Desolati | Got a vibrating ivory ring
 61759 | Desolati | Identified the cursed ring "Lamonn" {AC-2 Int+4 Dex+3} (You
                  | found it in the Desolation of Salt)
 62350 | Elf:1    | Found Kenett's Antique Armour Emporium.
 62399 | Elf:1    | Bought a runed shield for 217 gold pieces
 62463 | Elf:1    | Found a transporter.
 62731 | Elf:1    | Reached skill level 11 in Shields
 62775 | Elf:1    | Identified Uxykk's Compendium of Attacks
 62956 | Elf:1    | Found a shimmering altar of Xom.
 62977 | Elf:1    | Noticed Pipsit's ghost (adept SpEn)
 62992 | Elf:1    | Found a transporter.
 63227 | Elf:1    | Killed Pipsit's ghost
 63324 | Elf:1    | Got a crude steel ring
 63327 | Elf:1    | Identified the ring "Qaney" {+Blink AC+2} (You found it on
                  | level 1 of the Elven Halls)
 63384 | Elf:2    | Found a runed translucent gate.
 63384 | Elf:2    | Found a runed translucent gate.
 63543 | Elf:2    | Found a shimmering altar of Xom.
 63681 | Elf:2    | Reached skill level 9 in Spellcasting
 63681 | Elf:2    | Reached XP level 21. HP: 160/176 MP: 34/34
 63860 | Elf:2    | Found a runed translucent gate.
 64103 | Elf:1    | HP: 74/176 [deep elf knight/stone arrow (25)]
 64113 | Elf:1    | HP: 83/176 [deep elf knight/stone arrow (7)]
 64130 | Elf:1    | HP: 64/176 [+2 flail of protection (3)]
 64437 | Elf:2    | Reached skill level 18 in Fighting
 64534 | Elf:1    | HP: 81/177 [+5 eveningstar of electrocution (9)]
 65097 | Elf:3    | Entered Level 3 of the Elven Halls
 65348 | Elf:3    | Learned a level 6 spell: Deflect Missiles
 65949 | Elf:3    | Reached skill level 18 in Armour
 66170 | Elf:3    | Reached skill level 12 in Shields
 66171 | Elf:3    | Reached skill level 2 in Dodging
 66173 | Elf:3    | Reached skill level 10 in Spellcasting
 66413 | Elf:3    | Identified the ring "Lorra" {rElec Int+6 SInv}
 66425 | Elf:3    | HP: 85/177 [deep elf master archer/arrow (7)]
 66430 | Elf:3    | HP: 56/177 [deep elf high priest/damnation (23)]
 66433 | Elf:3    | HP: 24/177 [deep elf archer/arrow (12)]
 66443 | Elf:3    | HP: 21/177 [deep elf mage/orb of energy (6)]
 66448 | Elf:3    | HP: 14/177 [deep elf high priest/divine providence (9)]
 66454 | Elf:3    | Reached skill level 3 in Dodging
 66454 | Elf:3    | HP: 42/178 [deep elf master archer/arrow (9)]
 66457 | Elf:3    | HP: 15/178 [deep elf master archer/arrow (7)]
 67645 | Elf:3    | Identified Jalumesch's Reference Book on Earthen Calling
 67654 | Elf:3    | Identified Sif Muna's Guide on Earth
 67714 | Elf:3    | Found the +9 heavy crossbow "Sniper" {velocity, Acc+∞ SInv}
 68134 | Crypt:1  | Entered Level 1 of the Crypt
 68283 | Crypt:1  | Reached skill level 4 in Dodging
 68589 | Crypt:1  | Reached skill level 3 in Translocations
 68605 | Crypt:1  | Reached skill level 13 in Shields
 69259 | Crypt:2  | Reached XP level 22. HP: 173/186 MP: 36/36
 69265 | Crypt:2  | Noticed Mennas
 69407 | Crypt:2  | HP: 91/186 [something (21)]
 69412 | Crypt:2  | HP: 80/186 [storm dragon zombie[a curse skull] (6)]
 69419 | Crypt:2  | Noticed Mara
 69760 | Crypt:2  | Noticed theanonym's illusion
 69775 | Crypt:2  | Killed Mara
 70242 | Crypt:2  | HP: 87/186 [Mennas/+1 trishula of holy wrath (11)]
 70247 | Crypt:2  | HP: 84/186 [Mennas/+1 trishula of holy wrath (1)]
 70252 | Crypt:2  | HP: 77/186 [Mennas/+1 trishula of holy wrath (5)]
 70257 | Crypt:2  | HP: 58/186 [Mennas/+1 trishula of holy wrath (9)]
 70260 | Crypt:2  | HP: 27/186 [Mennas/+1 trishula of holy wrath (12)]
 70262 | Crypt:2  | HP: 13/186 [Mennas/+1 trishula of holy wrath (7)]
 70262 | Crypt:2  | HP: 3/186 [Mennas/+1 trishula of holy wrath (4)]
 70264 | Crypt:2  | HP: 1/186 [Mennas/+1 trishula of holy wrath (3)]
 70264 | Crypt:2  | Slain by Mennas

Vanquished Creatures
  Mara (Crypt:2)
  Bai Suzhen (Snake:3)
  Vashnia (Snake:2)
  3 deep elf master archers (Elf:3)
  2 deep elf blademasters
  Frances (Shoals:1)
  4 ancient champions
  Polyphemus (Shoals:2)
  A shadow dragon (Vaults:4)
  5 nagarajas
  3 revenants
  3 fire giants
  Aizul (Snake:2)
  9 vault wardens
  3 frost giants
  3 orc warlords
  7 deep elf sorcerers
  An imperial myrmidon (Desolation)
  11 ironheart preservers
  2 curse skulls (Crypt:2)
  3 deep elf elementalists (Elf:3)
  2 entropy weavers
  3 stone giants (Vaults:4)
  2 vampire knights
  10 deep elf annihilators
  5 deep elf demonologists
  4 halazid warlocks (Desolation)
  A dire elephant (Lair:6)
  An eidolon (Crypt:1)
  4 merfolk javelineers
  3 ettins
  8 deep elf death magi
  Snorg (Lair:4)
  A crystal guardian (Desolation)
  2 jiangshi (Crypt:1)
  8 ragged hierophants (Desolation)
  2 quicksilver dragon zombies (Crypt:1)
  9 deep elf high priests (Elf:3)
  4 fire dragons
  6 merfolk impalers
  Fannar (D:10)
  3 yaktaur captains
  3 great orbs of eyes
  5 vault guards (Vaults:1)
  14 naga warriors
  A quicksilver dragon skeleton (Crypt:1)
  6 servants of whispers (Desolation)
  4 catoblepae
  2 ice dragons
  7 peacekeepers (Desolation)
  6 hydras
  5 merfolk avatars
  4 death knights
  30 two-headed ogres
  2 satyrs
  13 anacondas
  4 merfolk aquamancers
  9 centaur warriors
  5 ogre magi
  10 death yaks
  2 vampire magi
  Urug (D:10)
  An orc high priest (Orc:1)
  Sonja (Lair:1)
  15 deep elf knights
  7 shock serpents
  15 naga sharpshooters
  A storm dragon zombie (Crypt:1)
  8 skeletal warriors
  A storm dragon skeleton (Crypt:1)
  5 unseen horrors
  10 sea snakes
  2 flayed ghosts
  3 glowing orange brains
  6 wizards
  6 deep trolls
  8 naga ritualists
  6 phantasmal warriors
  14 deep elf archers
  A shadow dragon zombie (Vaults:3)
  11 orc knights
  16 ironbrand convokers
  A lindwurm (Lair:1)
  17 harpies
  An orb spider (shapeshifter) (D:15)
  A wolf spider zombie (Crypt:1)
  Pikel (D:5)
  4 necromancers
  5 mana vipers
  2 harpies (shapeshifter)
  11 fauns
  A fire giant zombie (Crypt:2)
  66 deep elf magi
  3 orc sorcerers
  A shadow dragon skeleton (Crypt:1)
  A wolf spider (shapeshifter) (D:15)
  14 ugly things
  4 wolf spiders
  8 cyclopes
  6 elephants (Lair:6)
  Maurice (D:11)
  12 merfolk sirens
  16 manticores
  3 salamanders
  16 vault sentinels
  35 black mambas
  3 molten gargoyles (Desolation)
  2 centaur zombies
  5 water nymphs
  Joseph (Lair:1)
  2 guardian serpents
  A spiny frog (shapeshifter) (Vaults:3)
  7 spiny frogs
  30 naga magi
  An alligator snapping turtle zombie (Crypt:2)
  An eye of devastation (D:8)
  A gargoyle (D:11)
  28 yaktaurs
  A rime drake (shapeshifter) (D:15)
  3 rime drakes
  7 freezing wraiths
  An efreet (D:13)
  6 komodo dragons
  A yaktaur (shapeshifter) (Vaults:2)
  A kobold demonologist (D:12)
  A death yak skeleton (Crypt:1)
  4 harpy zombies (Shoals:4)
  A tengu conjurer (D:14)
  18 trolls
  A red devil (D:2)
  22 merfolk
  A jumping spider (Vaults:3)
  A polar bear (shapeshifter) (D:15)
  A meliai (shapeshifter) (Elf:3)
  A raiju (shapeshifter) (D:15)
  2 spectral guardian serpents (Crypt:1)
  3 polar bears (Lair:6)
  A fire dragon zombie (Crypt:1)
  45 saltlings (Desolation)
  6 wind drakes
  A sphinx simulacrum (Vaults:1)
  A fire giant simulacrum (Crypt:2)
  13 hippogriffs
  6 hornets
  20 slime creatures
  22 blink frogs
  A meliai zombie (D:15)
  6 snapping turtles
  A human simulacrum (Vaults:3)
  3 stone giant simulacra
  A fire dragon skeleton (Crypt:1)
  3 shadows
  Sigmund (D:3)
  3 air elementals (Elf:3)
  8 wyverns
  An ice dragon skeleton (Crypt:2)
  A spriggan (D:7)
  14 water elementals
  3 vampires (Vaults:3)
  3 redbacks (Vaults:3)
  10 yaks
  5 wraiths
  A basilisk (shapeshifter) (Vaults:1)
  5 basilisks
  2 fire elementals (Elf:1)
  A hog (D:8)
  A black mamba skeleton (Crypt:1)
  A wind drake skeleton (Crypt:2)
  A catoblepas simulacrum (Crypt:2)
  3 vampire mosquitoes
  A merfolk zombie (Crypt:2)
  43 nagas
  Edmund (D:6)
  2 soldier ants (shapeshifter)
  3 wargs
  2 acid dragons
  8 water moccasins
  Duvessa (D:7)
  12 porcupines
  42 orc warriors
  A two-headed ogre skeleton (Crypt:1)
  2 sky beasts
  A black bear (shapeshifter) (Vaults:2)
  4 ice beasts
  An eye of draining (D:9)
  8 black bears
  A snapping turtle zombie (Crypt:1)
  40 ogres
  3 phantoms
  7 boggarts
  An eye of draining (shapeshifter) (Vaults:4)
  21 centaurs
  10 wolves
  2 big kobolds
  13 crocodiles
  19 bullfrogs
  A gnoll sergeant (D:12)
  5 earth elementals
  Dowan (D:7)
  2 water moccasin zombies
  A scorpion (D:10)
  A wyvern skeleton (D:12)
  2 raiju zombies (Crypt:1)
  A water moccasin skeleton (D:10)
  4 killer bees (D:8)
  4 wights
  7 electric eels
  3 howler monkeys
  4 crimson imps
  2 bullfrog zombies
  A quasit (D:8)
  Crazy Yiuf (D:3)
  2 yaktaur simulacra
  8 hounds
  24 orc priests
  5 jellies
  A gnoll shaman (D:4)
  A bullfrog skeleton (D:6)
  4 centaur skeletons
  Ijyb (D:3)
  2 iguanas
  30 orc wizards
  11 worker ants
  A tengu skeleton (Crypt:1)
  A big kobold skeleton (Crypt:2)
  A hound zombie (D:6)
  A howler monkey zombie (D:5)
  31 gnolls
  13 adders
  3 river rats
  6 shadow imps
  An ooze (D:3)
  An adder skeleton (D:4)
  4 worms
  A worm (shapeshifter) (Elf:2)
  5 dart slugs
  6 leopard geckos
  131 orcs
  5 giant cockroaches
  32 goblins
  22 hobgoblins
  8 jackals
  23 kobolds
  3 quokkas
  2 ball pythons
  4 bats
  3 frilled lizards
  A goblin skeleton (Crypt:1)
  A jackal skeleton (D:5)
  A kobold skeleton (Crypt:1)
  A leopard gecko skeleton (D:4)
  9 rats
1697 creatures vanquished.

Vanquished Creatures (collateral kills)
  The ghost of Pipsit the Spry, an adept SpEn of Kikubaaqudgha (Elf:1)
  Agnes (D:15)
  An ironheart preserver (Vaults:1)
  An ogre mage (Vaults:1)
  A yaktaur (Vaults:1)
  An orc wizard (Orc:1)
6 creatures vanquished.

Vanquished Creatures (others)
  A deep elf sorcerer (Elf:3)
  A peacekeeper (Desolation)
  19 dancing weapons
  A naga ritualist (Snake:1)
  An ironbrand convoker (Desolation)
  A deep elf mage (Elf:1)
  2 salamanders
  A water nymph (Shoals:3)
  A saltling (Desolation)
  2 water elementals (Elf:1)
  A gnoll (D:12)
  21 fungi
  18 plants
70 creatures vanquished.

Grand Total: 1773 creatures vanquished

Table legend:
 A = Turns spent in this place as a percentage of turns spent in the entire game.
 B = Non-inter-level travel turns spent in this place as a percentage of non-inter-level travel turns spent in the entire game.
 C = Inter-level travel turns spent in this place as a percentage of turns spent in this place.
 D = Turns resting spent in this place as a percentage of non-inter-level travel turns spent in this place.
 E = Turns spent auto-exploring this place as a percentage of non-inter-level travel turns spent in this place.
 F = Non-inter-level travel turns spent in this place divided by the number of levels of this place that you've seen.
                   A       B       C       D       E      F
               +-------+-------+-------+-------+-------+----------------------
         Total | 100.0 | 100.0 |   8.8 |  31.8 |  42.6 | 1491.0
       Dungeon |  37.3 |  36.7 |  10.4 |  35.6 |  44.4 | 1566.8
        Temple |   0.3 |   0.3 |  15.1 |   0.0 |  98.9 | 180.0
          Lair |  17.2 |  16.8 |  11.1 |  44.4 |  40.2 | 1792.7
        Shoals |   5.5 |   5.6 |   5.6 |  13.7 |  47.9 | 904.8
     Snake Pit |   9.6 |   9.7 |   7.6 |  27.2 |  39.2 | 1555.0
  Orcish Mines |   5.8 |   5.5 |  13.9 |  41.2 |  29.7 | 1768.5
   Elven Halls |   8.0 |   8.4 |   3.8 |  33.7 |  32.8 | 1804.3
        Vaults |  10.0 |  10.3 |   6.6 |  14.6 |  53.6 | 1647.0
         Crypt |   3.0 |   3.2 |   3.9 |  25.4 |  41.3 | 1023.5
        Bailey |   0.8 |   0.8 |   0.0 |   0.0 |  41.2 | 544.0
    Desolation |   2.4 |   2.7 |   0.0 |  18.5 |  46.7 | 1709.0
               +-------+-------+-------+-------+-------+----------------------
